 Dungeon Crawl Stone Soup version 0.26-a0-667-g92642533e4 (webtiles) character file.

Game seed: 8758787546540223329

560 Lavandula the Gusty (level 7, 0/69 HPs)
             Began as a Demonspawn Air Elementalist on Oct 16, 2020.
             Succumbed to a worker ant's poison
             ... on level 4 of the Dungeon.
             The game lasted 00:11:34 (3359 turns).

Lavandula the Gusty (Demonspawn Air Elementalist)   Turns: 3359, Time: 00:11:34

Health: 0/69       AC: 23    Str:  9    XL:     7   Next: 9%
Magic:  1/11       EV:  2    Int: 18    God:
Gold:   145        SH:  0    Dex: 19    Spells: 2/12 levels left

rFire    . . .     SeeInvis .   j - +0 spear
rCold    . . .     Faith    .   (no shield)
rNeg     + + +     Spirit   .   (armour currently unavailable)
rPois    +         Reflect  .   (helmet currently unavailable)
rElec    .         Harm     .   (cloak currently unavailable)
rCorr    .         Rampage  .   (gloves currently unavailable)
MR       .....     NoTele   +   (boots currently unavailable)
Stlth    ++........             r - amulet of the acrobat
HPRegen  0.21/turn              q - +6 ring of dexterity
MPRegen  0.12/turn              (no ring)

@: agile, lethally poisoned (0 -> -1), tree-form, hasted, very quick
A: repulsion field 1, demonic guardian 1, powered by pain 1
a: no special abilities


You were on level 4 of the Dungeon.
You were a tree.
You visited 1 branch of the dungeon, and saw 4 of its levels.

You collected 145 gold pieces.

Inventory:

Hand Weapons
 b - a +0 dagger
 j - a +0 spear (weapon)
 k - a cursed -2 long sword
Armour
 a - a +0 robe (melded)
 g - a +0 pair of gloves (melded)
Jewellery
 q - a +6 ring of dexterity (left branch)
 r - an amulet of the acrobat (around neck)
Wands
 p - a wand of flame (14)
Scrolls
 d - a scroll of blinking {unknown}
 f - 2 scrolls of identify {unknown}
 h - a scroll of magic mapping {unknown}
 i - a scroll of amnesia {unknown}
 l - a scroll of enchant weapon {unknown}
 n - a scroll of fog {unknown}
 o - 2 scrolls of remove curse {unknown}
Potions
 m - a potion of lignification


   Skills:
 - Level 1.7 Dodging
 - Level 1.7 Stealth
 - Level 3.0 Spellcasting
 - Level 1.0 Conjurations
 + Level 7.1 Air Magic


You had 2 spell levels left.
You knew the following spells:

 Your Spells              Type           Power        Failure   Level
a - Shock                 Conj/Air       ###.         3%          1
b - Swiftness             Air            ####....     1%          2
c - Static Discharge      Conj/Air       ###.....     10%         3
d - Airstrike             Air            ####......   9%          4

Your spell library contained the following spells:

 Spells                   Type           Power        Failure   Level
 Lightning Bolt           Conj/Air       ###.......   65%         5


Dungeon Overview and Level Annotations

Branches:
Dungeon (4/15)
 Temple: D:4-7

Altars:
Dithmenos
Yredelemnul

Shops:
D:4 }


Innate Abilities, Weirdness & Mutations

((You have a pair of small horns on your head.))
You are surrounded by a mild repulsion field. (EV +2)
A weak demonic guardian rushes to your aid.
You sometimes gain a little power by taking damage.


Message History

The worker ant is heavily wounded.
* * * LOW HITPOINT WARNING * * *
You feel sick.
The bullfrog skeleton hits you but does no damage.
The worker ant bites you but does no damage.
Unknown command.
Okay, then.
You hit the worker ant but do no damage.
The worker ant is heavily wounded.
The bullfrog skeleton hits you but does no damage.
The worker ant bites you but does no damage.
Unknown command.
You hit the worker ant.
The worker ant is severely wounded.
The bullfrog skeleton hits you but does no damage.
The worker ant bites you but does no damage.
Unknown command.
You barely miss the worker ant.
The worker ant is severely wounded.
You die...

...............##(......#
...........⌠.⌠.........##
###.#.......∩.####......##
#.#......⌠†⌠.....##..... #
#...........†.###.....
#.#..........##.††.....#
#.....)........####...##
##....)B)....).###.[...#
#.....♣Z.........<)##..
#..####.###...###..###.
##. #.###............ #
#.##.....#...###.
#.#..........##..
....##.##.......< #.#
#....#.÷..#. #.#
#...##...... #..#.###..##.


You could see a worker ant and a bullfrog skeleton.

Vanquished Creatures
  An ogre (D:4)
  A centaur skeleton (D:4)
  Natasha (D:2)
  An orc wizard (D:4)
  3 worker ants (D:4)
  4 gnolls
  8 adders
  2 oozes
  An adder skeleton (D:3)
  A dart slug (D:1)
  3 leopard geckos
  11 orcs
  8 bats
  3 giant cockroaches
  7 goblins
  9 hobgoblins
  13 jackals
  6 kobolds
  3 quokkas (D:2)
  2 ball pythons (D:3)
  4 frilled lizards
  7 rats
99 creatures vanquished.

Vanquished Creatures (collateral kills)
  An ogre (D:4)
  Natasha (D:2)
  2 gnolls (D:2)
  An adder (D:4)
  A leopard gecko (D:4)
6 creatures vanquished.

Grand Total: 105 creatures vanquished

Notes
Turn   | Place    | Note
-------+----------+-------------------------------------------
     0 | D:1      | Lavandula the Demonspawn Air Elementalist began the quest
                  | for the Orb.
     0 | D:1      | Reached XP level 1. HP: 13/13 MP: 3/3
    70 | D:1      | Gained mutation: You have a pair of small horns on your
                  | head. [demonic ancestry]
    70 | D:1      | Reached XP level 2. HP: 14/19 MP: 0/5
    74 | D:1      | Learned a level 2 spell: Swiftness
   623 | D:1      | Reached skill level 3 in Air Magic
   904 | D:2      | Gained mutation: A weak demonic guardian rushes to your
                  | aid. [demonic ancestry]
   904 | D:2      | Reached XP level 3. HP: 24/24 MP: 5/7
  1027 | D:1      | Learned a level 3 spell: Static Discharge
  1318 | D:2      | Gained mutation: You are surrounded by a mild repulsion
                  | field. (EV +2) [demonic ancestry]
  1318 | D:2      | Reached XP level 4. HP: 25/30 MP: 3/8
  1428 | D:2      | Reached skill level 4 in Air Magic
  1600 | D:2      | Noticed Natasha
  1608 | D:2      | Killed Natasha
  1726 | D:2      | Gained mutation: You sometimes gain a little power by
                  | taking damage. [demonic ancestry]
  1726 | D:2      | Reached XP level 5. HP: 35/35 MP: 6/9
  1943 | D:2      | Found a shadowy altar of Dithmenos.
  2005 | D:2      | Noticed Natasha
  2014 | D:2      | Killed Natasha
  2014 | D:2      | Reached skill level 5 in Air Magic
  2037 | D:3      | Learned a level 4 spell: Airstrike
  2930 | D:3      | Reached XP level 6. HP: 34/41 MP: 10/10
  2982 | D:4      | Reached skill level 6 in Air Magic
  3059 | D:4      | Found a basalt altar of Yredelemnul.
  3265 | D:4      | Found Cavvobry's Gadget Emporium.
  3342 | D:4      | Reached skill level 7 in Air Magic
  3342 | D:4      | Reached XP level 7. HP: 7/46 MP: 0/11
  3355 | D:4      | HP: 2/69 [worker ant (3)]
  3359 | D:4      | Succumbed to a worker ant's poison

Illustrated notes

Levels and vault maps discovered:
D:1:      lightli_iron_boxes, layout_basic, minmay_misc_feat_plants
D:2:      layout_basic, nicolae_dithmenos_through_a_glass_darkly, uniq_natasha
D:3:      layout_basic
D:4:      layout_rooms, serial_shops, kennysheep_mini_moat, kennysheep_mini,
          shop_fountains, shop_coins, yredelemnul_altar_generic

Skill      XL: |  1  2  3  4  5  6 |
---------------+-------------------+-----
Spellcasting   | 3 |  3.0
Air Magic      | 3 4 5 7 |  7.1
Dodging        | |  1.7
Stealth        | |  1.7
Conjurations   | |  1.0

Action                   |  1- 3 |  4- 6 |  7- 9 || total
-------------------------+-------+-------+-------++-------
Melee: Dagger            |     4 |       |       ||     4
       Spear             |    22 |   117 |    17 ||   156
       Headbutt          |     3 |     9 |       ||    12
 Cast: Shock             |    43 |    97 |       ||   140
       Static Discharge  |       |       |     1 ||     1
  Use: Potion            |       |     3 |       ||     3
 Stab: Sleeping          |     2 |     8 |       ||    10
Armor: Robe              |     9 |    20 |       ||    29
       Skin              |       |    28 |    26 ||    54
Dodge: Dodged            |    51 |    91 |     2 ||   144

Table legend: (Time is in decaauts)
 A = Elapsed time spent in this place.
 B = Non-inter-level travel time spent in this place.
 C = Inter-level travel time spent in this place.
 D = Time resting spent in this place.
 E = Time spent auto-exploring this place.
 F = Levels seen in this place.
 G = Mean time per level.
                   A        B        C        D        E       F      G
               +--------+--------+--------+--------+--------+-----+--------+
         Total |   3363 |   3252 |    111 |    148 |   2369 |   4 |  840.8 |
       Dungeon |   3363 |   3252 |    111 |    148 |   2369 |   4 |  840.8 |
               +--------+--------+--------+--------+--------+-----+--------+

Top non-repeatable levels by time:
     D:2: 1085 daAuts
     D:3: 977 daAuts
     D:1: 950 daAuts
     D:4: 351 daAuts
